 Dungeon Crawl Stone Soup version 0.30-a0-728-gc68057be0a (webtiles) character file.

Game seed: 8585436636830767616

70 BigDaddyOpFi the Sneak (level 4, -7/30 HPs)
             Began as an Octopode Brigand on Jan 31, 2023.
             Mangled by Sigmund
             ... wielding a +0 scythe
              (10 damage)
             ... on level 2 of the Dungeon.
             The game lasted 00:02:06 (1325 turns).

BigDaddyOpFi the Sneak (Octopode Brigand)           Turns: 1325, Time: 00:02:07

Health: -7/30      AC:  1    Str: 12    XL:     4   Next: 22%
Magic:  4/4        EV: 13    Int: 13    God:
Gold:   74         SH:  0    Dex: 13    Spells: 3/3 levels left

rFire   . . .      SeeInvis .    d - +1 mace (heavy)
rCold   . . .      Faith    .    (no shield)
rNeg    . . .      Spirit   .    (helmet restricted)
rPois   .          Reflect  .    j - amulet of regeneration
rElec   .          Harm     .    (no ring)
rCorr   .          Rampage  .    (no ring)
Will    .....                    (no ring)
Stlth   ++++                     (no ring)
HPRegen 1.05/turn                (no ring)
MPRegen 0.09/turn                (no ring)
                                 (no ring)
                                 (no ring)

@: attractive
A: almost no armour, amphibious, 8 rings, camouflage 1, gelatinous body 1,
(nimble swimmer 1), tentacles
a: no special abilities


You were on level 2 of the Dungeon.
You visited 1 branch of the dungeon, and saw 2 of its levels.

You collected 74 gold pieces.

Inventory:

Hand Weapons
 a - a +2 dagger of venom
 d - a +1 heavy mace (weapon)
 k - a +0 long sword of freezing
Missiles
 b - 7 poisoned darts (quivered)
 c - 3 curare-tipped darts
Jewellery
 j - an amulet of regeneration (around mantle)
Scrolls
 e - a scroll of blinking
 f - a scroll of identify
 g - a scroll of brand weapon
 l - a scroll of teleportation
Potions
 h - a potion of heal wounds {unknown}
 i - 2 potions of attraction
 m - a potion of resistance {unknown}


   Skills:
 + Level 2.5 Fighting
 + Level 2.6 Short Blades
 + Level 2.6 Throwing
 + Level 1.8 Dodging
 + Level 5.9 Stealth


You had 3 spell levels left.
You didn't know any spells.
Your spell library was empty.

Dungeon Overview and Level Annotations

Branches:
Dungeon (2/15)

Altars:

Annotations:
D:2 Sigmund


Innate Abilities, Weirdness & Mutations

You cannot wear most types of armour.
You are amphibious.
You can wear up to eight rings at the same time.
Your skin changes colour to match your surroundings (Stealth+).
Your rubbery body absorbs attacks. (AC +1, EV +1)
((You are camouflaged when in or above water. (Stealth+)))
You have tentacles for arms and can constrict up to eight enemies at once.


Message History

You feel very sick.
You feel sick.
You feel sick.
You feel sick.
You feel sick.
You are no longer poisoned.
HP restored.
There is a stone staircase leading down here.
Sigmund the Dreaded comes into view.
He is wielding a +0 scythe.
Found 3 boomerangs.
A frilled lizard comes into view.
There are monsters nearby!
Sigmund shouts!
The frilled lizard hisses angrily.
Sigmund casts a spell at you.
You are confused.
There are monsters nearby!
You are too confused!
It was a potion of attraction.
You feel attractive to monsters. Sigmund is attracted toward you.
The frilled lizard is attracted toward you.
Okay, then.
You bump into the rock wall.
Sigmund completely misses you.
You miss Sigmund. Your squeeze misses Sigmund.
Sigmund gestures wildly while chanting.
Sigmund flickers and vanishes!
Deactivating autopickup; reactivate with Ctrl-A.
You bump into the rock wall.
Something hits you!
You bump into the rock wall.
You completely miss something. Your squeeze misses something.
You feel less confused. Something hits you!!
Ouch! That really hurt!
* * * LOW HITPOINT WARNING * * *
You hear some strange, mumbled words.
Something tries to affect you, but you resist.
You closely miss something. Your squeeze misses something. Something hits you.
* * * LOW HITPOINT WARNING * * *
Something hits you!
You die...

##.# #.>#
##.# #.#
#.# #.# #.#
#.#########
#..@{l.(...
###########


You could see a frilled lizard.

Vanquished Creatures
  A gnoll (D:1)
  An adder (D:2)
  A worm (D:2)
  2 dart slugs (D:1)
  10 ball pythons
  5 endoplasms (D:1)
  A giant cockroach (D:1)
  6 hobgoblins
  2 kobolds
  A quokka (D:2)
  5 bats
  3 frilled lizards (D:1)
  2 goblins (D:1)
  4 rats (D:1)
44 creatures vanquished.

Vanquished Creatures (others)
  8 plants (D:1)
8 creatures vanquished.

Grand Total: 52 creatures vanquished

Notes
Turn   | Place    | Note
-------+----------+-------------------------------------------
     0 | D:1      | BigDaddyOpFi the Octopode Brigand began the quest for the
                  | Orb.
     0 | D:1      | Reached XP level 1. HP: 14/14 MP: 1/1
   171 | D:1      | Reached XP level 2. HP: 7/19 MP: 2/2
   428 | D:1      | Reached XP level 3. HP: 24/24 MP: 3/3
   541 | D:1      | Found a faded altar of an unknown god.
  1259 | D:2      | Reached XP level 4. HP: 30/30 MP: 4/4
  1316 | D:2      | Noticed Sigmund
  1325 | D:2      | Mangled by Sigmund

Illustrated notes

Levels and vault maps discovered:
D:1:      giann_wishing_wells, layout_basic,
          shapermc_ecumenical_altar_totnotflames, serial_bayou_lagoon_a
D:2:      layout_basic, uniq_crazy_yiuf_cottage, uniq_sigmund

Action                     |  1- 3 |  4- 6 || total
---------------------------+-------+-------++-------
  Melee: Dagger            |    29 |       ||    29
         Tentacles         |    13 |     1 ||    14
         Constrict         |    20 |     2 ||    22
         Mace              |    46 |     8 ||    54
  Throw: Dart              |    19 |       ||    19
    Use: Scroll            |     5 |       ||     5
         Potion            |       |     1 ||     1
   Stab: Sleeping          |     9 |     1 ||    10
 Armour: Skin              |     9 |     1 ||    10
  Dodge: Dodged            |    59 |     5 ||    64

Table legend: (Time is in decaauts)
 A = Elapsed time spent in this place.
 B = Non-inter-level travel time spent in this place.
 C = Inter-level travel time spent in this place.
 D = Time resting spent in this place.
 E = Time spent auto-exploring this place.
 F = Levels seen in this place.
 G = Mean time per level.
                   A        B        C        D        E       F      G
               +--------+--------+--------+--------+--------+-----+--------+
         Total |   1377 |   1333 |     44 |      0 |    998 |   2 |  688.5 |
       Dungeon |   1377 |   1333 |     44 |      0 |    998 |   2 |  688.5 |
               +--------+--------+--------+--------+--------+-----+--------+

Top non-repeatable levels by time:
     D:1: 1130 daAuts
     D:2: 246 daAuts
